 Dungeon Crawl Stone Soup version 0.23-a0-130-g0e7800e (webtiles) character file.

2557 TheOrbIsALie the Zephyrmancer (level 9, -18/57 HPs)
             Began as a Demonspawn Air Elementalist on Aug 27, 2018.
             Was a Believer of Sif Muna.
             Demolished by a komodo dragon (22 damage)
             ... on level 11 of the Dungeon.
             The game lasted 00:18:04 (8602 turns).

TheOrbIsALie the Zephyrmancer (DsAE)                Turns: 8602, Time: 00:18:05

Health: -18/57     AC: 16    Str:  6    XL:     9   Next: 31%
Magic:  7/12       EV: 11    Int: 21    God:    Sif Muna [**....]
Gold:   328        SH:  0    Dex: 13    Spells: 7/12 levels left

rFire    . . .     SeeInvis .   g - +0 long sword
rCold    . . .     Gourm    .   (no shield)
rNeg     . . .     Faith    .   u - +3 leather armour {rPois}
rPois    +         Spirit   .   (helmet restricted)
rElec    .         Reflect  .   (no cloak)
rCorr    +         Harm     .   (no gloves)
MR       +....     Clarity  +   b - +0 pair of boots
Stlth    ++........             (no amulet)
HPRegen  0.19/turn              v - ring of resist corrosion
MPRegen  0.13/turn              (no ring)

@: sanguine armour
A: antennae 1, clarity, magic resistance 1, weak 1, rot immunity, sanguine
armour 2
a: Divine Energy, Renounce Religion


You were on level 11 of the Dungeon.
You worshipped Sif Muna.
Sif Muna was pleased with you.
You were not hungry.

You visited 2 branches of the dungeon, and saw 10 of its levels.

You collected 454 gold pieces.
You spent 126 gold pieces at shops.

Inventory:

Hand Weapons
 g - a +0 long sword (weapon)
Missiles
 s - 4 javelins (quivered)
Armour
 a - a +0 robe
 b - a +0 pair of boots (worn)
 u - a +3 leather armour of poison resistance (worn)
Jewellery
 v - a ring of resist corrosion (left hand)
Wands
 k - a wand of iceblast (23)
 t - a wand of polymorph (13)
 y - a wand of acid (5)
 A - a wand of flame (23)
 B - a wand of paralysis (6)
 C - a wand of disintegration (4)
Scrolls
 d - 4 scrolls of blinking {unknown}
 e - 3 scrolls of enchant armour {unknown}
 f - a scroll of fog {unknown}
 i - 2 scrolls of remove curse
 j - 4 scrolls of enchant weapon {unknown}
 n - 2 scrolls of fear {unknown}
 p - 3 scrolls of amnesia {unknown}
 q - 7 scrolls of identify
 r - a scroll of teleportation
 w - a scroll of magic mapping {unknown}
 D - a scroll of random uselessness {unknown}
Potions
 h - 2 potions of haste {unknown}
 l - a potion of heal wounds {unknown}
 m - 3 potions of flight {unknown}
 o - a potion of resistance {unknown}
 z - 2 potions of ambrosia {unknown}
Comestibles
 c - 12 rations
 x - 3 chunks of flesh


   Skills:
 - Level 1.7 Dodging
 - Level 1.7 Stealth
 - Level 2.0 Spellcasting
 - Level 7.1 Conjurations
 + Level 10.0 Air Magic


You had 7 spell levels left.
You knew the following spells:

 Your Spells              Type           Power        Failure   Level  Hunger
a - Shock                 Conj/Air       ####         1%          1    #......
b - Airstrike             Air            #####.....   3%          4    #####..

Your spell library contained the following spells:

 Spells                   Type           Power        Failure   Level  Hunger
 Static Discharge         Conj/Air       #####...     1%          3    ###....
 Swiftness                Chrm/Air       ###.....     4%          2    ##.....
 Throw Frost              Conj/Ice       ###...       9%          2    ##.....
 Lightning Bolt           Conj/Air       #####.....   19%         5    ######.
 Confusing Touch          Hex            #.....       22%         1    #......
 Freeze                   Ice            #...         22%         1    #......
 Throw Icicle             Conj/Ice       ###.....     47%         4    #####..
 Confuse                  Hex            #.......     56%         3    ###....
 Gell's Gravitas          Tloc           #.........   56%         3    ###....
 Ozocubu's Armour         Chrm/Ice       #.......     56%         3    ###....
 Petrify                  Tmut/Erth      #.......     92%         4    #####..
 Summon Ice Beast         Ice/Summ       #.......     92%         4    #####..
 Metabolic Englaciation   Hex/Ice        #.........   99%         5    ######.
 Yara's Violent Unravell  Hex/Tmut       #.........   99%         5    ######.


Dungeon Overview and Level Annotations

Branches:
Dungeon (8/15)             Temple (1/1) D:6            Lair (0/6) D:11

Altars:
Ashenzari
Cheibriados
Elyvilon
Gozag
Kikubaaqudgha
Okawaru
Ru
Sif Muna
Vehumet
Wu Jian
Xom
Zin

Shops:
D:4 ?   D:7 ?


Innate Abilities, Weirdness & Mutations

You have a pair of small antennae on your head.
You are immune to rotting.
When seriously injured, your bleeding wounds create thick armour. (AC +9)
You possess an exceptional clarity of mind.
You are resistant to hostile enchantments. (MR+)
You are weak. (Str -2)


Message History

Press: ? - help, Shift-Dir - straight line, f/p - komodo dragon
Aim: a komodo dragon (severely wounded, chance to defeat MR: 48%)
The komodo dragon resists with some effort.
The komodo dragon bites you!!
* * * LOW HITPOINT WARNING * * *
The yak gores you.
* * * LOW HITPOINT WARNING * * *
Evoke which item? (* to show all) (? for menu, Esc to quit)
Aiming: Corrosive Bolt
Press: ? - help, Shift-Dir - straight line, f/p - komodo dragon
Aim: a komodo dragon (severely wounded)
The bolt of acid misses the komodo dragon.
The bolt of acid hits the yak.
The yak is splashed with acid.
The acid corrodes the yak!
The yak is moderately wounded.
The bolt of acid hits the yak.
The yak is splashed with acid.
The acid corrodes the yak!
The yak is moderately wounded.
The komodo dragon bites you!!
You die...

.Y...####..######..####...
.K. #..# #..# #... . #K.#
#..# #... #Y.# #..# #...
#..# #..# #... #..# #..#
#... #YY# #..# #... #lY#
#... #@.# #... #..# #...
#..# #... #..# #... #..#
#... #..# #... #..# #...
#... #... ....


You could see a komodo dragon, 4 yaks and a kobold.

Vanquished Creatures
  A hippogriff (D:7)
  A shadow (D:11)
  2 sky beasts
  An ice beast (D:8)
  A black bear (D:8)
  2 orc warriors (D:8)
  2 ogres
  A phantom (D:8)
  A centaur (D:5)
  A crocodile (D:7)
  Blork the orc (D:5)
  2 bullfrogs (D:7)
  A scorpion (D:7)
  7 killer bees
  A howler monkey (D:6)
  2 crimson imps
  2 jellies (D:5)
  3 hounds
  3 orc wizards (D:8)
  A bullfrog skeleton (D:5)
  2 iguanas
  Ijyb (D:4)
  3 worker ants
  A worker ant zombie (D:5)
  5 adders
  A shadow imp (D:7)
  2 oozes
  3 adder skeletons
  A worm (D:3)
  6 dart slugs
  5 leopard geckos
  14 orcs
  2 ball pythons
  7 bats
  A bat zombie (D:2)
  7 giant cockroaches
  9 goblins
  7 hobgoblins
  7 jackals
  4 kobolds
  4 quokkas
  6 frilled lizards
  2 leopard gecko skeletons
  9 rats
  A rat zombie (D:2)
146 creatures vanquished.

Vanquished Creatures (others)
  A plant (D:11)
  11 toadstools (D:8)
12 creatures vanquished.

Grand Total: 158 creatures vanquished

Notes
Turn   | Place    | Note
-------+----------+-------------------------------------------
     0 | D:1      | TheOrbIsALie the Demonspawn Air Elementalist began the
                  | quest for the Orb.
     0 | D:1      | Reached XP level 1. HP: 13/13 MP: 3/3
   367 | D:1      | Gained mutation: When seriously injured, your bleeding
                  | wounds create armour. (AC +9) [demonic ancestry]
   367 | D:1      | Reached XP level 2. HP: 19/19 MP: 3/5
   847 | D:1      | Reached XP level 3. HP: 24/24 MP: 1/6
  1756 | D:2      | Gained mutation: When seriously injured, your bleeding
                  | wounds create thick armour. (AC +9) [demonic ancestry]
  1756 | D:2      | Reached XP level 4. HP: 29/30 MP: 4/7
  1865 | D:2      | Found an ancient bone altar of Kikubaaqudgha.
  3096 | D:4      | Noticed Ijyb
  3186 | D:4      | Killed Ijyb
  3186 | D:4      | Reached skill level 5 in Conjurations
  3186 | D:4      | Reached XP level 5. HP: 23/35 MP: 2/8
  3519 | D:4      | Found a shattered altar of Ashenzari.
  3525 | D:4      | Found Arghalar's Magic Scroll Emporium.
  3535 | D:4      | Bought a scroll of identify for 28 gold pieces
  3535 | D:4      | Bought a scroll of teleportation for 42 gold pieces
  3535 | D:4      | Bought a scroll of remove curse for 42 gold pieces
  3535 | D:4      | Bought a scroll of noise for 14 gold pieces
  3784 | D:5      | Entered Level 5 of the Dungeon
  3860 | D:5      | Noticed a centaur
  3881 | D:5      | Learned a level 4 spell: Airstrike
  3894 | D:5      | Killed a centaur
  3894 | D:5      | Gained mutation: You have a pair of small antennae on your
                  | head. [demonic ancestry]
  3894 | D:5      | Reached XP level 6. HP: 14/41 MP: 3/9
  4013 | D:5      | Noticed Eustachio
  4118 | D:5      | Noticed Eustachio
  4118 | D:5      | Eustachio changed into Eustachio the jelly
  4123 | D:5      | Killed Eustachio the jelly
  4654 | D:5      | Noticed Blork the orc
  4669 | D:5      | Killed Blork the orc
  4669 | D:5      | Reached skill level 3 in Air Magic
  4669 | D:5      | Reached XP level 7. HP: 32/46 MP: 3/10
  4785 | D:5      | Reached skill level 4 in Air Magic
  4991 | D:6      | Gained mutation: You are weak. (Str -2) [potion of
                  | mutation]
  4991 | D:6      | Gained mutation: You tend to lose your temper in combat.
                  | [potion of mutation]
  4991 | D:6      | Gained mutation: Your mind is acute. (Int +2) [potion of
                  | mutation]
  5002 | D:6      | Reached skill level 5 in Air Magic
  5283 | D:6      | Found a staircase to the Ecumenical Temple.
  5292 | Temple   | Entered the Ecumenical Temple
  5298 | Temple   | Became a worshipper of Sif Muna the Loreminder
  5463 | D:6      | Found a snail-covered altar of Cheibriados.
  6539 | D:7      | Found Niykeq's Magic Scroll Boutique.
  6765 | D:7      | Reached skill level 6 in Air Magic
  6871 | D:7      | Found a radiant altar of Vehumet.
  6985 | D:7      | Gained mutation: You are immune to rotting. [demonic
                  | ancestry]
  6985 | D:7      | Reached XP level 8. HP: 37/52 MP: 5/11
  7092 | D:7      | Noticed a hippogriff
  7182 | D:7      | Killed a hippogriff
  7182 | D:7      | Reached * piety under Sif Muna
  7182 | D:7      | Reached skill level 7 in Air Magic
  7826 | D:7      | Reached skill level 8 in Air Magic
  7998 | D:7      | Lost mutation: Your mind is acute. (Int +2) [potion of
                  | mutation]
  7998 | D:7      | Lost mutation: You tend to lose your temper in combat.
                  | [potion of mutation]
  7998 | D:7      | Gained mutation: You are resistant to hostile enchantments.
                  | (MR+) [potion of mutation]
  7998 | D:7      | Gained mutation: You possess an exceptional clarity of
                  | mind. [potion of mutation]
  8262 | D:8      | Reached ** piety under Sif Muna
  8263 | D:8      | Reached skill level 9 in Air Magic
  8276 | D:8      | Reached XP level 9. HP: 42/57 MP: 1/12
  8523 | D:8      | You fall through a shaft for 3 floors!
  8539 | D:11     | Found a staircase to the Lair.
  8548 | D:11     | Noticed a komodo dragon
  8562 | D:11     | Reached skill level 10 in Air Magic
  8602 | D:11     | Demolished by a komodo dragon

Vault maps used:
D:1:      scummos_arrival_checkerplants
D:2:      lemuel_zombie_altar_kikubaaqudgha
D:3:      serial_forest, infiniplex_forest_straight_4,
          infiniplex_forest_lined_room_, infiniplex_forest_straight_4,
          infiniplex_forest_lined_room_2, infiniplex_forest_end_3,
          infiniplex_forest_clump_long, infiniplex_forest_clump_double,
          infiniplex_forest_clump_medium, infiniplex_forest_lined_ring,
          feat_on_display
D:4:      lemuel_doored_altar, serial_shops, shop, kennysheep_generic_room_2,
          uniq_ijyb
D:5:      first_ration, minivault_24, uniq_blork_the_orc, uniq_eustachio
D:6:      minmay_temple_entry_purple_smoke, basic_altar
D:7:      vehumet_altar_wand_db, serial_shops, shop
D:8:      cheibrodos_fertilizer, grunt_qazlal_clouds, serial_shops, shop
D:11:     david_lair_shrubbed
Temple:   eino_narrow_crystal_temple

Skill      XL: |  1  2  3  4  5  6  7  8  9 |
---------------+----------------------------+-----
Conjurations   | 2 3 4 5 6 7 |  7.1
Air Magic      | 3 6 9 10 | 10.0
Dodging        | |  1.7
Stealth        | |  1.7
Spellcasting   | |  2.0

Action                   |  1- 3 |  4- 6 |  7- 9 || total
-------------------------+-------+-------+-------++-------
Melee: Unarmed           |    31 |    49 |    33 ||   113
       Trident           |       |       |     4 ||     4
       Long sword        |       |       |     2 ||     2
 Cast: Shock             |    87 |   143 |   131 ||   361
       Airstrike         |       |       |    17 ||    17
Evoke: Wand              |       |     3 |    17 ||    20
  Use: Potion            |       |       |     5 ||     5
       Scroll            |       |       |     1 ||     1
 Stab: Distracted        |       |       |     1 ||     1
  Eat: Chunk             |     4 |    11 |    11 ||    26
       Ration            |       |       |     2 ||     2
Armor: Robe              |     6 |     9 |       ||    15
       Leather armour    |       |    34 |    34 ||    68
       Skin              |       |       |    20 ||    20
Dodge: Dodged            |    18 |    43 |    38 ||    99
       Rpst.: Long sword |       |       |     2 ||     2

Table legend:
 A = Non-vault XP
 B = Vault XP
 C = Vault XP percentage of total XP
 D = Non-vault monster count
 E = Vault monster count
 F = Vault count percentage of total count
                 A         B        C        D         E       F
            +---------+---------+-------+---------+---------+-------
      Total |    3470 |     184 |   5.0 |     139 |       7 |   4.8
            +---------+---------+-------+---------+---------+-------
        D:1 |      55 |       0 |   0.0 |      28 |       0 |   0.0
        D:2 |      58 |       3 |   4.9 |      19 |       2 |   9.5
        D:3 |      39 |       0 |   0.0 |      15 |       0 |   0.0
        D:4 |     137 |      38 |  21.7 |      11 |       2 |  15.4
        D:5 |     409 |     141 |  25.6 |      17 |       2 |  10.5
        D:6 |     367 |       0 |   0.0 |       6 |       0 |   0.0
        D:7 |    1087 |       2 |   0.2 |      20 |       1 |   4.8
        D:8 |    1067 |       0 |   0.0 |      21 |       0 |   0.0
       D:11 |     251 |       0 |   0.0 |       2 |       0 |   0.0
            +---------+---------+-------+---------+---------+-------
